 Dungeon Crawl Stone Soup version 0.30-a0-913-g9934a0ce24 (webtiles) character file.

Game seed: 9279185071269336642

92 Iniera the Conjurer (level 4, 0/24 HPs)
             Began as a Deep Elf Conjurer on Mar 20, 2023.
             Was a Believer of Dithmenos.
             Slain by an ice beast (2 damage)
             ... on level 3 of the Dungeon.
             The game lasted 00:03:19 (2423 turns).

Iniera the Conjurer (Deep Elf Conjurer)             Turns: 2423, Time: 00:03:20

Health: 0/24       AC:  2    Str:  4    XL:     4   Next: 35%
Magic:  7/12       EV: 17    Int: 25    God:    Dithmenos [**....]
Gold:   141        SH:  0    Dex: 13    Spells: 0/11 levels left

rFire   . . .      SeeInvis .    l - +2 short sword (distort)
rCold   . . .      Faith    .    (no shield)
rNeg    . . .      Spirit   .    a - +0 robe
rPois   .          Reflect  .    (no helmet)
rElec   .          Rampage  .    (no cloak)
rCorr   .                        (no gloves)
Will    .....                    (no boots)
Stlth   +++                      (no amulet)
HPRegen 0.24/turn                f - +5 ring of evasion
MPRegen 0.13/turn                (no ring)

@: wreathed by umbra
A: no striking features
a: Renounce Religion, Shadow Step


You were on level 3 of the Dungeon.
You worshipped Dithmenos.
Dithmenos was pleased with you.
You visited 1 branch of the dungeon, and saw 3 of its levels.

You collected 141 gold pieces.

Inventory:

Hand Weapons
 h - a +0 long sword
 l - a +2 short sword of distortion (weapon)
Armour
 a - a +0 robe (worn)
Jewellery
 f - a +5 ring of evasion (left hand)
Scrolls
 k - a scroll of identify
 n - a scroll of torment
 o - a scroll of silence {unknown}
Potions
 b - a potion of magic
 c - a potion of invisibility {unknown}
 d - a potion of ambrosia {unknown}
 e - a potion of mutation {unknown}
 g - a potion of curing {unknown}
 i - 2 potions of berserk rage {unknown}
 j - a potion of heal wounds {unknown}
 m - 4 potions of haste {unknown}


   Skills:
 - Level 2.4 Dodging
 + Level 3.1 Stealth
 + Level 4.1 Spellcasting
 * Level 5.6 Conjurations
 + Level 0.6 Hexes
 + Level 0.1 Translocations


You couldn't memorise any spells.
You knew the following spells:

 Your Spells              Type           Power      Damage    Failure   Level
a - Magic Dart            Conj           100%       1d8       1%          1
b - Searing Ray           Conj           66%        2d6       1%          2
c - Fulminant Prism       Conj/Hex       10%        3d9       26%         4
d - Iskenderun's Mystic   Conj/Tloc      19%        2d6       26%         4

Your spell library contained the following spells:

 Spells                   Type           Power      Damage    Failure   Level
 Dazzling Flash           Conj/Hex       40%        N/A       8%          3
 Mephitic Cloud           Conj/Pois/Air  14%        N/A       13%         3
 Call Imp                 Summ           5%         N/A       14%         2


Dungeon Overview and Level Annotations

Branches:
Dungeon (3/15)

Altars:
Dithmenos
Uskayaw

Shops:
D:3 (


Message History

You finish channelling your searing ray.
You start resting.
HP restored.
Things that are here:
a +0 dagger; a goblin corpse Magic restored.
There is a stone staircase leading down here.
You climb downwards.
There is a stone staircase leading up here.
An ice beast is nearby!
The magic dart hits the ice beast.
The ice beast is lightly wounded.
Casting: Magic Dart (safe; 1% risk of failure)
Confirm with . or Enter, or press ? or * to list all spells.
You can't see any susceptible monsters within range! (Use Z to cast anyway.) Unknown command.
Casting: Magic Dart (safe; 1% risk of failure)
Confirm with . or Enter, or press ? or * to list all spells.
Aiming: Searing Ray (safe; 1% risk of failure)
Press: ? - help, Shift-Dir - straight line, f/p - ice beast
Aim: an ice beast (lightly wounded, 81% to hit)
The searing ray hits the ice beast!
The ice beast is moderately wounded. (Press . to maintain the ray.)
The searing ray hits the ice beast.
The ice beast is heavily wounded.
The searing ray hits the ice beast.
The ice beast is severely wounded.
The giant cockroach bites you.
The searing ray hits the ice beast.
The ice beast is severely wounded.
You finish channelling your searing ray.
The ice beast hits you. The ice beast freezes you.
The ice beast attacks as you move away! The ice beast hits you.
The ice beast freezes you!
* * * LOW HITPOINT WARNING * * *
The giant cockroach barely misses you. The giant cockroach closely misses you.
The ice beast attacks as you move away! The ice beast hits you.
You die...

######
#<##.#
#.##.#
#@##.####
#.#.Y.....#
#...B..##.#
######.# #
#w# ..#
............
.....##...#
#.#..#.....


You could see an ice beast, a dart slug and a giant cockroach.

Vanquished Creatures
  3 adders (D:2)
  A worm (D:2)
  A dart slug (D:2)
  5 bats
  9 endoplasms
  6 giant cockroaches
  3 goblins
  7 hobgoblins
  3 jackals
  2 quokkas
  4 ball pythons
  2 frilled lizards (D:1)
  4 kobolds (D:2)
  2 rats (D:1)
52 creatures vanquished.

Notes
Turn   | Place    | Note
-------+----------+-------------------------------------------
     0 | D:1      | Iniera the Deep Elf Conjurer began the quest for the Orb.
     0 | D:1      | Reached XP level 1. HP: 10/10 MP: 6/6
   250 | D:1      | Reached XP level 2. HP: 15/15 MP: 6/8
   488 | D:1      | Found a faded altar of an unknown god.
   496 | D:1      | Prayed at the altar of an unknown god.
   496 | D:1      | Became a worshipper of Dithmenos the Shadowed
   496 | D:1      | Reached * piety under Dithmenos
  1076 | D:1      | Reached skill level 5 in Conjurations
  1305 | D:2      | Reached XP level 3. HP: 15/19 MP: 3/10
  1493 | D:2      | Learned a level 2 spell: Searing Ray
  1826 | D:2      | Reached ** piety under Dithmenos
  1848 | D:2      | Reached XP level 4. HP: 24/24 MP: 4/12
  1932 | D:2      | Identified the +4 spear of Demand {freeze, *Rage rElec
                  | Str+7 SInv}
  1981 | D:2      | Learned a level 4 spell: Fulminant Prism
  1986 | D:2      | Learned a level 4 spell: Iskenderun's Mystic Blast
  2006 | D:2      | Found a hide-covered altar of Uskayaw.
  2277 | D:3      | Found Ymicarchy's Weapon Shoppe.
  2284 | D:3      | Noticed an ice beast
  2420 | D:3      | HP: 1/24 [ice beast (9)]
  2423 | D:3      | Slain by an ice beast

Illustrated notes

Levels and vault maps discovered:
D:1:      amcnicky_arrival_underground_garden, layout_basic,
          shapermc_ecumenical_altar_gd
D:2:      minmay_chambers_of_twos, layout_basic, basic_altar,
          dreamdust_mushroom_princess
D:3:      layout_basic, tso_oasis_becter, serial_shops,
          nicolae_shop_bloodbath_and_beyond, nicolae_shop_waterfront,
          kennysheep_generic_room_2

Skill      XL: |  1  2  3 |
---------------+----------+-----
Conjurations   | 5 |  5.6
Stealth        | 3 |  3.1
Spellcasting   | 4 |  4.1
Dodging        | |  2.4
Hexes          | |  0.6
Translocations | |  0.1

Action                     |  1- 3 |  4- 6 || total
---------------------------+-------+-------++-------
  Melee: Unarmed           |     1 |       ||     1
         Short sword       |       |    10 ||    10
   Cast: Magic Dart        |    76 |    15 ||    91
         Searing Ray       |       |     2 ||     2
    Use: Scroll            |       |     2 ||     2
 Armour: Robe              |     1 |     3 ||     4
  Dodge: Dodged            |     8 |    34 ||    42

Table legend: (Time is in decaauts)
 A = Elapsed time spent in this place.
 B = Non-inter-level travel time spent in this place.
 C = Inter-level travel time spent in this place.
 D = Time resting spent in this place.
 E = Time spent auto-exploring this place.
 F = Levels seen in this place.
 G = Mean time per level.
                   A        B        C        D        E       F      G
               +--------+--------+--------+--------+--------+-----+--------+
         Total |   2422 |   2359 |     63 |     29 |   2075 |   3 |  807.3 |
       Dungeon |   2422 |   2359 |     63 |     29 |   2075 |   3 |  807.3 |
               +--------+--------+--------+--------+--------+-----+--------+

Top non-repeatable levels by time:
     D:1: 1273 daAuts
     D:2: 1119 daAuts
     D:3: 30 daAuts
